 Dungeon Crawl Stone Soup version 0.31-a0-1576-ga3383bade6 (webtiles) character file.

Game seed: 8805944080051862738

1379 gelatine the Ruffian (level 8, -6/56 HPs)
             Began as a Djinni Shapeshifter on Jan 4, 2024.
             Mangled by an ogre
             ... wielding a +0 giant spiked club
              (29 damage)
             ... on level 5 of the Dungeon.
             The game lasted 00:15:23 (4749 turns).

gelatine the Ruffian (Djinni Shapeshifter)          Turns: 4749, Time: 00:15:23

Health: -6/56      AC:  5    Str: 15    XL:     8   Next: 99%
Gold:   289        EV: 17    Int: 11    God:
                   SH:  0    Dex: 12

rFire   + +          .
                       - Unarmed
rCold   x . .        (no shield)
rNeg    . . .        r - +1 ring mail {Will+}
rPois   ∞            (helmet currently unavailable)
rElec   .            (cloak currently unavailable)
rCorr   .            (gloves currently unavailable)
SInv    .            (boots unavailable)
Will    +....        (no amulet)
Stlth   +            f - +5 ring of evasion
HPRegen 0.29/turn    (no ring)
MPRegen 0.00/turn

%: infuse magic (-7 HP)
@: beast-form, flying
A: beast (slay +2), flying, sickness immunity, fire resistance 2, cold
vulnerability 1, float, innate caster, HP casting, extra vitality 1, iridescent
scales 1, deformed body, dopey 1
a: Begin Untransformation


You were on level 5 of the Dungeon.
You were a hulking beast.
You visited 2 branches of the dungeon, and saw 6 of its levels.

You collected 384 gold pieces.
You spent 95 gold pieces at shops.

Inventory:

Hand Weapons
 s - a +5 flail
Armour
 a - a +0 animal skin
 r - a +1 ring mail of willpower (worn)
Jewellery
 f - a +5 ring of evasion (left hand)
 m - a ring of fire
Talismans
 c - a beast talisman
 d - a flux talisman
Wands
 o - a wand of flame (19)
Scrolls
 e - a scroll of vulnerability
 h - 3 scrolls of identify
 i - a scroll of immolation {unknown}
 k - a scroll of noise
 l - a scroll of enchant armour {unknown}
 n - a scroll of blinking {unknown}
 p - a scroll of summoning {unknown}
 u - a scroll of torment {unknown}
Potions
 b - a potion of lignification
 g - a potion of invisibility
 j - a potion of curing
 q - a potion of resistance
 t - a potion of heal wounds


   Skills:
 * Level 3.4 Fighting
 + Level 2.1 Armour
 * Level 4.2 Dodging
 + Level 1.5 Stealth
 * Level 7.5 Unarmed Combat
 * Level 0.8 Spellcasting
 * Level 0.8 Conjurations
 * Level 0.8 Hexes
 * Level 0.8 Summonings
 * Level 0.8 Necromancy
 * Level 0.8 Translocations
 * Level 0.8 Fire Magic
 * Level 0.8 Ice Magic
 * Level 0.8 Air Magic
 * Level 0.8 Earth Magic
 * Level 0.8 Alchemy
 + Level 2.1 Evocations
 * Level 4.1 Shapeshifting


You knew the following spells:

 Your Spells              Type           Power      Damage    Failure   Level
a - Kiss of Death         Conj/Necr      8%         2d6       41%         1
b - Searing Ray           Conj           4%         2d4       56%         2
c - Static Discharge      Conj/Air       4%         3-4/arc   56%         2
Your spell library was empty.

Dungeon Overview and Level Annotations

Branches:
Dungeon (5/15)             Temple (1/1) D:4

Altars:
Ashenzari
Cheibriados
Fedhas
Hepliaklqana
Makhleb
Qazlal
Ru
Trog
Uskayaw
Wu Jian
Zin

Shops:
D:2 *   D:3 *   D:4 *:=


Innate Abilities, Weirdness & Mutations

You are a hulking beast.
Your limbs bulge with bestial killing power. (Slay +2)
You are flying.
You are immune to sickness and miasma.
You are immune to poison.
Your flesh is very heat resistant. (rF++)
You are vulnerable to cold. (rC-)
You float through the air rather than walking.
You learn spells naturally, not from books.
Your magical power is your life essence.
You have superior vitality. (+4 MHP)
You are partially covered in iridescent scales. (AC +2)
Armour fits poorly on your strangely shaped body.
You are dopey. (Int -2)


Message History

You now have 289 gold pieces (gained 20).
You reach down and open the door.
An orc and an adder come into view.
Found a pair of boots.
You barely miss the adder.
You hear a shout!
The adder bites you but does no damage.
An ogre comes into view. It is wielding a +0 giant spiked club.
You hear an angry hiss.
The orc shouts!
You hear a shout!
You punch the adder!
The adder is severely wounded.
The adder barely misses you.
An ice beast comes into view.
You barely miss the adder.
The adder is severely wounded.
The adder barely misses you. The adder bites you.
You barely miss the adder.
The adder is severely wounded.
The adder bites you but does no damage.
You hit the adder.
The adder is almost dead.
The adder bites you.
You miss the adder.
The adder is almost dead.
The adder bites you but does no damage.
You hit the adder.
You kill the adder!
An orc comes into view. It is wielding a +0 club.
You hit the ogre. You punch the ogre.
The ogre is heavily wounded.
The ogre hits you with a +0 giant spiked club!!
Ouch! That really hurt!
You hear an angry hiss.
You hit the ogre.
The ogre is severely wounded.
You punch the ogre!
The ogre is almost dead.
The ogre hits you with a +0 giant spiked club!!
Ouch! That really hurt!
You die...

........####..## #######.>.))..#
.......#.####.# ######.#.#....##
############### #.#.#.####.
#.....#.....#.. #.#.#.# #o
#.....#.†...#.. ######.#.#.# #o
#..#..#..#..#.. .....#.#.#.#
#O###..#..#..#..#.. ###.##.#.#.#
#.h....#.....#.....
..#.##.#.#.####......#.....#.....
#......#.#....###################
#.#....#.#.##..................).
######.#.#.##..................).
.......#.#.######################
########.#.# .....#.....# ..).
.........#.# ......#.....#.....
##########.# +###..#..#..#..#..


You could see an ogre and 2 orcs.

Vanquished Creatures
  Sigmund (D:2)
  3 yaks
  An ice beast (D:5)
  2 scorpions (D:4)
  A howler monkey (D:5)
  3 hounds
  2 bombardier beetles
  An orc priest (D:5)
  4 orc wizards
  5 gnolls
  8 adders
  2 ufetubi (D:5)
  5 ribbon worms
  4 dart slugs
  15 orcs
  4 ball pythons
  5 endoplasms
  11 goblins
  8 hobgoblins
  8 quokkas
  A bat (D:2)
  3 frilled lizards
  5 kobolds
  5 rats
107 creatures vanquished.

Notes
Turn   | Place    | Note
-------+----------+-------------------------------------------
     0 | D:1      | gelatine the Djinni Shapeshifter began the quest for the
                  | Orb.
     0 | D:1      | Reached XP level 1. HP: 17/17 MP: 0/0
    55 | D:1      | Reached XP level 2. HP: 20/22 MP: 0/0
   242 | D:1      | Reached XP level 3. HP: 9/27 MP: 0/0
   242 | D:1      | Learned a level 1 spell: Kiss of Death
   751 | D:2      | Reached XP level 4. HP: 27/32 MP: 0/0
   809 | D:2      | Reached skill level 4 in Unarmed Combat
   846 | D:2      | Noticed Sigmund
   875 | D:2      | Gained mutation: You are clumsy. (Dex -2) [potion of
                  | mutation]
   875 | D:2      | Gained mutation: Armour fits poorly on your strangely
                  | shaped body. [potion of mutation]
   875 | D:2      | Gained mutation: You are partially covered in iridescent
                  | scales. (AC +2) [potion of mutation]
   889 | D:2      | Killed Sigmund
   890 | D:2      | Reached skill level 5 in Unarmed Combat
   890 | D:2      | Reached XP level 5. HP: 24/38 MP: 0/0
   890 | D:2      | Learned a level 2 spell: Searing Ray
   890 | D:2      | Reached XP level 6. HP: 27/43 MP: 0/0
   994 | D:2      | Found Jujawn's Assorted Antiques.
  1893 | D:3      | Found Vusec's Assorted Antiques.
  2021 | D:3      | Bought a potion of heal wounds for 95 gold pieces
  2410 | D:4      | Noticed a yak
  2410 | D:4      | Noticed a yak
  2413 | D:4      | Noticed a yak
  2432 | D:3      | Killed a yak
  2433 | D:3      | Reached XP level 7. HP: 6/49 MP: 0/0
  2433 | D:3      | Learned a level 2 spell: Static Discharge
  2638 | D:3      | Lost mutation: You are clumsy. (Dex -2) [potion of
                  | mutation]
  2638 | D:3      | Lost mutation: You are partially covered in iridescent
                  | scales. (AC +2) [potion of mutation]
  2638 | D:3      | Gained mutation: You are dopey. (Int -2) [potion of
                  | mutation]
  2638 | D:3      | Gained mutation: You are partially covered in iridescent
                  | scales. (AC +2) [potion of mutation]
  2645 | D:4      | Reached skill level 1 in Evocations
  2710 | D:4      | Reached skill level 6 in Unarmed Combat
  2719 | D:4      | Found Cahoh's Book Shop.
  2844 | D:4      | Reached skill level 1 in Armour
  2961 | D:4      | Found Gaekhlep's Assorted Antiques.
  3219 | D:5      | Entered Level 5 of the Dungeon
  3296 | D:5      | Reached XP level 8. HP: 55/55 MP: 0/0
  3420 | D:4      | Found a staircase to the Ecumenical Temple.
  3432 | D:4      | Reached skill level 1 in Stealth
  3446 | Temple   | Entered the Ecumenical Temple
  3723 | D:3      | Killed a yak
  3847 | D:4      | Killed a yak
  3919 | D:4      | Found Bemp's Jewellery Shoppe.
  3950 | D:5      | Reached skill level 7 in Unarmed Combat
  4372 | D:5      | Found a hazy altar of Hepliaklqana.
  4372 | D:5      | Found a glowing silver altar of Zin.
  4372 | D:5      | Found a broken altar of Ashenzari.
  4749 | D:5      | Mangled by an ogre

Illustrated notes

Levels and vault maps discovered:
D:1:      lightli_arrival_quake, layout_rooms, minmay_pentomino_q4
D:2:      layout_rooms, serial_shops, shop, uniq_sigmund
D:3:      layout_basic, serial_shops, shop
D:4:      layout_gridville, minmay_temple_entry_antechambers, serial_shops,
          nicolae_inconvenience_store, kennysheep_mini, shop_coins,
          minmay_goblin_outpost
D:5:      kennysheep_windowed_halls, layout_basic,
          gammafunk_temple_overflow_claw
Temple:   nicolae_temple_superstar

Skill      XL: |  1  2  3  4  5  6  7  8 |
---------------+-------------------------+-----
Shapeshifting  | 3 4 |  4.1
Unarmed Combat | 5 6 7 |  7.5
Fighting       | 2 3 |  3.4
Dodging        | 3 4 |  4.2
Evocations     | 1 2 |  2.1
Armour         | 1 2 |  2.1
Stealth        | 1 |  1.5
Spellcasting   | |  0.8
Conjurations   | |  0.8
Hexes          | |  0.8
Summonings     | |  0.8
Necromancy     | |  0.8
Translocations | |  0.8
Fire Magic     | |  0.8
Ice Magic      | |  0.8
Air Magic      | |  0.8
Earth Magic    | |  0.8
Alchemy        | |  0.8

Action                     |  1- 3 |  4- 6 |  7- 9 || total
---------------------------+-------+-------+-------++-------
  Melee: Unarmed           |    90 |   104 |   200 ||   394
         Punch             |     2 |     2 |     8 ||    12
   Cast: Searing Ray       |       |    12 |     1 ||    13
    Use: Potion            |       |     5 |     1 ||     6
         Scroll            |       |     4 |       ||     4
   Stab: Sleeping          |       |       |     1 ||     1
 Armour: Animal skin       |    29 |    34 |       ||    63
         Skin              |       |     9 |       ||     9
         Ring mail         |       |     5 |    92 ||    97
  Dodge: Dodged            |    66 |    72 |   173 ||   311

Table legend: (Time is in decaauts)
 A = Elapsed time spent in this place.
 B = Non-inter-level travel time spent in this place.
 C = Inter-level travel time spent in this place.
 D = Time resting spent in this place.
 E = Time spent auto-exploring this place.
 F = Levels seen in this place.
 G = Mean time per level.
                   A        B        C        D        E       F      G
               +--------+--------+--------+--------+--------+-----+--------+
         Total |   4710 |   4623 |     87 |      0 |   3653 |   6 |  785.0 |
       Dungeon |   4709 |   4622 |     87 |      0 |   3653 |   5 |  941.8 |
        Temple |      1 |      1 |      0 |      0 |      0 |   1 |    1.0 |
               +--------+--------+--------+--------+--------+-----+--------+

Top non-repeatable levels by time:
     D:3: 1660 daAuts
     D:4: 954 daAuts
     D:5: 884 daAuts
     D:1: 665 daAuts
     D:2: 542 daAuts
  Temple: 1 daAuts
